 Dungeon Crawl Stone Soup version 0.23-a0-389-g4a5eb33 (webtiles) character file.

21 Dawnplanks the Cudgeler (level 2, 18/18 HPs)
             Began as a Gargoyle Gladiator on Oct 29, 2018.
             Quit the game on level 1 of the Dungeon.
             The game lasted 00:01:49 (689 turns).

Dawnplanks the Cudgeler (Gargoyle Gladiator)         Turns: 689, Time: 00:01:50

Health: 18/18      AC:  6    Str: 17    XL:     2   Next: 83%
Magic:  2/2        EV: 11    Int:  8    God:
Gold:   56         SH:  0    Dex: 11    Spells: 1/1 levels left

rFire    . . .     SeeInvis .   a - +0 flail
rCold    . . .     Gourm    .   (no shield)
rNeg     + . .     Faith    .   b - +0 leather armour
rPois    ∞         Spirit   .   c - +0 helmet
rElec    +         Reflect  .   (no cloak)
rCorr    .         Harm     .   (no gloves)
MR       .....                  (no boots)
Stlth    +.........             (no amulet)
HPRegen  0.06/turn              (no ring)
MPRegen  0.08/turn              (no ring)

@: heavily drained
A: negative energy resistance 1, electricity resistance, unbreathing,
petrification resistance, rot immunity, AC +2
a: no special abilities


You were on level 1 of the Dungeon.
You were not hungry.

You visited 1 branch of the dungeon, and saw 1 of its levels.

You collected 56 gold pieces.

Inventory:

Hand Weapons
 a - a +0 flail (weapon)
Missiles
 d - 3 throwing nets (quivered)
Armour
 b - a +0 leather armour (worn)
 c - a +0 helmet (worn)
Scrolls
 h - a scroll of identify {unknown}
 j - a scroll of magic mapping {unknown}
 k - a scroll of teleportation {unknown}
Potions
 e - 2 potions of berserk rage {unknown}
 g - 3 potions of curing {unknown}
 i - a potion of agility {unknown}
Comestibles
 f - 3 rations
 l - a chunk of flesh


   Skills:
 + Level 2.3(0.7) Fighting
 * Level 3.4(1.7) Maces & Flails
 - Level 1.8(0.2) Throwing
 * Level 0.8(0.0) Armour
 + Level 2.6(1.0) Dodging


You had one spell level left.
You didn't know any spells.
Your spell library was empty.

Dungeon Overview and Level Annotations

Branches:
Dungeon (1/15)

Altars:


Innate Abilities, Weirdness & Mutations

You are resistant to torment.
Your stone body is resilient. (AC +2)
You are immune to poison.
You resist negative energy. (rN+)
You are resistant to electric shocks. (rElec)
You can survive without breathing.
You are immune to petrification.
You are immune to rotting.


Message History

You sock the goblin!
You kill the goblin!
Found a ration.
Things that are here:
a +0 dagger; a goblin corpse You butcher the goblin corpse.
l - a chunk of flesh
Things that are here:
a +0 dagger; a goblin skeleton You now have 56 gold pieces (gained 9).
Found 21 stones.
m - a dented pearl amulet
m - an amulet of harm (around neck)
You remove your amulet of harm.
The amulet drains your life force as you remove it!
You feel drained.
You drop an uncursed amulet of harm.
Quiver which item? (- for none, * to show all) (? for menu, Esc to quit)
Okay, then.
Are you sure you want to abandon this character and quit the game? (Confirm

#.###.##....#
#.#.#.####
#........#..#
#.#.......
#####.##...######
#.###.....
#.###.#).)..# #.#
######
#.###.#.....#######.#
#............>......#
#####.#.....####(.
#.#.....###
#......@.>#
#########.# %# #


There were no monsters in sight!

Vanquished Creatures
  A dart slug (D:1)
  A leopard gecko (D:1)
  A giant cockroach (D:1)
  7 goblins (D:1)
  A hobgoblin (D:1)
  A bat (D:1)
  A kobold (D:1)
  3 rats (D:1)
16 creatures vanquished.

Notes
Turn   | Place    | Note
-------+----------+-------------------------------------------
     0 | D:1      | Dawnplanks the Gargoyle Gladiator began the quest for the
                  | Orb.
     0 | D:1      | Reached XP level 1. HP: 12/12 MP: 1/1
    90 | D:1      | Reached XP level 2. HP: 12/17 MP: 2/2
   689 | D:1      | Quit the game

Vault maps used:
D:1:      minmay_arrival_hallway, minmay_tetromino_l4

Action                   || total
-------------------------++-------
Melee: Flail             ||    62
Armor: Leather armour    ||    27
Dodge: Dodged            ||    53

Table legend:
 A = Non-vault XP
 B = Vault XP
 C = Vault XP percentage of total XP
 D = Non-vault monster count
 E = Vault monster count
 F = Vault count percentage of total count
                 A         B        C        D         E       F
            +---------+---------+-------+---------+---------+-------
      Total |      29 |       1 |   3.3 |      15 |       1 |   6.2
            +---------+---------+-------+---------+---------+-------
        D:1 |      29 |       1 |   3.3 |      15 |       1 |   6.2
            +---------+---------+-------+---------+---------+-------
